 Dungeon Crawl Stone Soup version 0.21.1-1-g345015f (webtiles) character file.

36872 smcx the Severer (level 13, 0/124 HPs)
             Began as a Minotaur Berserker on July 24, 2018.
             Was a High Priest of Trog.
             Slain by a water elemental (4 damage)
             ... on level 1 of the Shoals.
             The game lasted 01:37:13 (17362 turns).

smcx the Severer (Minotaur Berserker)              Turns: 17362, Time: 01:37:13

Health: 0/124      AC: 25    Str: 23    XL:     13   Next: 55%
Magic:  7/7        EV: 11    Int:  4    God:    Trog [*****.]
Gold:   943        SH:  0    Dex: 14    Spells: 12/12 levels left

rFire    . . .     SeeInvis .   a - +4 broad axe (antimagic)
rCold    . . .     Gourm    .   (no shield)
rNeg     . . .     Faith    .   D - +2 plate armour {rPois}
rPois    +         Spirit   .   v - +1 hat {MR+}
rElec    .         Reflect  .   K - +1 cloak
rCorr    .         Harm     .   z - +0 pair of gloves
MR       ++++.                  u - +0 pair of boots
Stlth    ..........             E - amulet of regeneration
HPRegen  1.70/turn              M - ring of protection from magic
MPRegen  0.10/turn              n - ring of magical power

@: engulfed (cannot breathe), regenerating, very slow
A: retaliatory headbutt, horns 2
a: Berserk, Trog's Hand, Brothers in Arms, Burn Spellbooks, Renounce Religion


You were on level 1 of the Shoals.
You worshipped Trog.
Trog was extremely pleased with you.
You were not hungry.

You visited 3 branches of the dungeon, and saw 14 of its levels.

You collected 943 gold pieces.

Inventory:

Hand Weapons
 a - a +4 antimagic broad axe (weapon)
 b - the +1 hand crossbow "Plog" {venom, Dex+3}
   (You found it on level 11 of the Dungeon)

   It poisons the ammo it fires.
   It affects your dexterity (+3).
 P - a +1 battleaxe
Missiles
 w - 6 tomahawks of returning (quivered)
Armour
 u - a +0 pair of boots (worn)
 v - a +1 hat of magic resistance (worn)
 z - a +0 pair of gloves (worn)
 D - a +2 plate armour of poison resistance (worn)
 K - a +1 cloak (worn)
 U - a +3 chain mail of fire resistance
Jewellery
 e - an uncursed ring of stealth
 n - a ring of magical power (right hand)
 E - an amulet of regeneration (around neck)
 G - an uncursed amulet of guardian spirit
 M - a ring of protection from magic (left hand)
Scrolls
 d - a scroll of brand weapon {unknown}
 g - a scroll of blinking
 k - 3 scrolls of magic mapping
 l - 3 scrolls of fear
 m - 3 scrolls of remove curse
 o - a scroll of noise {unknown}
 s - a scroll of vulnerability {unknown}
 t - 3 scrolls of enchant armour
 y - a scroll of random uselessness {unknown}
 A - a scroll of fog {unknown}
 I - 2 scrolls of teleportation {unknown}
 L - a scroll of holy word {unknown}
Potions
 f - 2 potions of haste
 h - 3 potions of brilliance {unknown}
 i - 2 potions of berserk rage {unknown}
 j - 9 potions of curing
 p - 2 potions of heal wounds {unknown}
 q - 2 potions of flight
 r - a potion of might {unknown}
 x - 2 potions of mutation {unknown}
 B - 4 potions of cancellation
 C - a potion of lignification {unknown}
 H - 2 potions of agility {unknown}
 J - 3 potions of magic {unknown}
 R - 2 potions of resistance {unknown}
Comestibles
 c - 14 rations
 F - 3 chunks of flesh


   Skills:
 + Level 14.1 Fighting
 * Level 17.2 Axes
 + Level 13.8 Armour
 - Level 8.1 Dodging


You had 12 spell levels left.
You didn't know any spells.

Dungeon Overview and Level Annotations

Branches:
Dungeon (11/15)            Temple (0/1) D:6            Lair (2/6) D:11
 Shoals (1/4) Lair:2       Spider (0/4) Lair:2          Orc (0/2) D:11

Altars:
Ashenzari
Elyvilon
Fedhas
Gozag
Hepliaklqana
Kikubaaqudgha
Okawaru
Qazlal
Ru
Sif Muna
Trog
Vehumet
Wu Jian
Yredelemnul

Shops:
D:7 ?   D:8 !

Annotations:
Shoals:1 exclusion: Roxanne, Roxanne


Innate Abilities, Weirdness & Mutations

You reflexively headbutt those who attack you in melee.
You have a pair of horns on your head.


Message History

The water elemental hits you.
* * * LOW HITPOINT WARNING * * *
The merfolk hits you but does no damage.
Your troll bites the merfolk siren!
Your troll closely misses the merfolk siren. x2
With effort, you pull free of the water engulfing you.
You gasp with relief as air once again reaches your lungs.
Your troll barely misses the merfolk siren.
Your troll claws the merfolk siren!
The merfolk siren dies!
Trog accepts your kill.
Trog appreciates your killing of a magic user.
You hear a splash.
Your troll rages.
The water elemental hits you!
* * * LOW HITPOINT WARNING * * *
The water elemental engulfs you in water!
The water elemental closely misses you. The merfolk completely misses you.
The water elemental hits you.
You die...

......≈.....≈≈≈.....)..≈
.####.≈.###.≈≈...##..#.≈
#...# ##.).####.....
#...###..### #...## ##
##.....≈.# #..##
#.#####.≈≈≈≈.# ##### ##...#
#.≈≈≈≈.# ##...#
#.≈≈.###.≈≈≈≈.# ##....##
.####≈≈).TmE@≈≈≈≈.# #....>[#
....≈≈≈≈)≈≈E≈≈≈≈...# #......#
≈...≈≈≈≈≈≈≈≈≈≈≈≈≈≈.###.......
≈≈≈≈≈≈≈≈≈≈≈≈≈≈≈≈≈≈≈≈........≈
≈≈≈≈≈≈≈≈≈≈≈≈≈≈≈≈≈≈≈≈.....##.≈
≈.≈≈≈≈≈≈≈≈≈≈≈≈≈≈≈≈≈≈....###..
≈≈≈≈≈≈≈≈≈≈≈≈≈≈≈≈≈≈≈≈≈...###..
≈≈≈≈≈≈≈≈≈≈≈≈≈≈≈≈≈≈≈≈.....#...
≈≈≈≈≈≈≈≈≈≈≈≈≈≈≈≈≈........##..


You could see a merfolk, 2 water elementals and a friendly troll (berserk).

Vanquished Creatures
  Gastronok (Lair:1)
  Snorg (D:11)
  4 hydras
  An alligator snapping turtle (Shoals:1)
  4 two-headed ogres
  Nergalle (D:11)
  The ghost of senseless the Cleaver, a novice HOFi of Beogh (D:8)
  A wizard (D:11)
  5 harpies
  Pikel (D:9)
  A wolf spider (Lair:2)
  A deep elf mage (D:10)
  2 manticores (Shoals:1)
  4 fauns (Shoals:1)
  4 large abominations (D:11)
  3 merfolk sirens (Shoals:1)
  3 water nymphs (Shoals:1)
  A spiny frog (Lair:2)
  A gargoyle (D:11)
  A centaur skeleton (D:10)
  A rime drake (Lair:2)
  A komodo dragon (Lair:2)
  A jumping spider (Lair:2)
  A troll (D:11)
  4 wind drakes (Shoals:1)
  3 merfolk (Shoals:1)
  5 hippogriffs
  3 snapping turtles (Shoals:1)
  8 blink frogs
  11 yaks
  2 redbacks (Lair:2)
  3 fire bats (Lair:1)
  6 small abominations (D:11)
  6 water moccasins
  4 orc warriors
  2 porcupines (Lair:2)
  2 sky beasts
  An ice beast (D:7)
  2 black bears (D:10)
  A necrophage (D:10)
  A slave (D:9)
  6 ogres (D:11)
  A phantom (D:4)
  An eye of draining (D:11)
  8 wolves (Lair:2)
  11 centaurs
  3 crocodiles
  6 bullfrogs
  2 big kobolds (D:11)
  A wyvern skeleton (D:10)
  5 scorpions
  3 killer bees (D:8)
  8 wights
  A centaur zombie (D:10)
  A howler monkey (D:5)
  5 crimson imps
  A quasit (D:10)
  A bullfrog zombie (D:7)
  A jelly (D:10)
  2 hounds
  An orc priest (D:11)
  3 bullfrog skeletons
  8 orc wizards
  3 iguanas
  6 worker ants
  A hound zombie (D:5)
  A worker ant zombie (D:9)
  12 adders
  12 gnolls
  2 shadow imps
  An adder zombie (D:4)
  An adder skeleton (D:4)
  4 worms (D:2)
  4 dart slugs
  7 leopard geckos
  31 orcs
  A ball python (D:5)
  7 giant cockroaches
  6 goblins
  7 hobgoblins
  18 jackals
  8 kobolds
  6 quokkas
  9 bats
  6 frilled lizards
  A jackal skeleton (D:7)
  A quokka skeleton (D:5)
  5 rats
  A fungus (Lair:2)
  2 plants (Shoals:1)
351 creatures vanquished.

Vanquished Creatures (collateral kills)
  A merfolk avatar (Shoals:1)
  A merfolk aquamancer (Shoals:1)
  A sea snake (Shoals:1)
  A faun (Shoals:1)
  Maurice (D:10)
  A manticore (Shoals:1)
  2 merfolk sirens (Shoals:1)
  A merfolk (Shoals:1)
  A shadow (D:10)
  A vampire (D:9)
  A large abomination (D:11)
  A small abomination (D:11)
13 creatures vanquished.

Vanquished Creatures (others)
  An ogre (D:9)
  A centaur (D:9)
  A hound (D:10)
  A jelly (D:10)
  A bullfrog skeleton (D:9)
  A leopard gecko (D:9)
  2 orcs (D:11)
8 creatures vanquished.

Grand Total: 372 creatures vanquished

Notes
Turn   | Place    | Note
-------+----------+-------------------------------------------
     0 | D:1      | smcx the Minotaur Berserker began the quest for the Orb.
     0 | D:1      | Reached XP level 1. HP: 19/19 MP: 0/0
    98 | D:1      | Reached XP level 2. HP: 25/27 MP: 1/1
   450 | D:1      | Reached skill level 4 in Axes
   654 | D:1      | Reached ** piety under Trog
   681 | D:1      | Reached XP level 3. HP: 33/33 MP: 2/2
  1159 | D:2      | Reached XP level 4. HP: 32/40 MP: 3/3
  1516 | D:2      | Found an iron altar of Okawaru.
  1530 | D:2      | Reached *** piety under Trog
  2511 | D:4      | Reached XP level 5. HP: 42/47 MP: 4/4
  2585 | D:4      | Reached skill level 5 in Fighting
  2638 | D:4      | Noticed a phantom
  2675 | D:4      | Killed a phantom
  2675 | D:4      | Reached skill level 5 in Axes
  2675 | D:4      | Reached XP level 6. HP: 42/56 MP: 5/5
  3470 | D:4      | Found a bloodstained altar of Trog.
  3671 | D:4      | Found an opulent altar of Gozag.
  3815 | D:5      | Entered Level 5 of the Dungeon
  3819 | D:5      | Found a blossoming altar of Fedhas.
  3954 | D:5      | Found a hazy altar of Hepliaklqana.
  4048 | D:5      | Reached **** piety under Trog
  4098 | D:5      | Reached skill level 5 in Armour
  4098 | D:5      | Reached XP level 7. HP: 49/62 MP: 6/6
  4677 | D:6      | Reached skill level 6 in Axes
  4794 | D:6      | Found a white marble altar of Elyvilon.
  4839 | D:6      | Found a radiant altar of Vehumet.
  4871 | D:6      | Found a shattered altar of Ashenzari.
  5016 | D:6      | Reached skill level 5 in Dodging
  5172 | D:6      | Found a stormy altar of Qazlal.
  5366 | D:6      | Found an ornate altar of the Wu Jian Council.
  5436 | D:6      | Found a staircase to the Ecumenical Temple.
  5867 | D:7      | Reached XP level 8. HP: 56/71 MP: 7/7
  6180 | D:7      | Reached skill level 7 in Axes
  6362 | D:7      | Found a deep blue altar of Sif Muna.
  6457 | D:7      | Found Jasa's Magic Scroll Boutique.
  6531 | D:7      | Found a basalt altar of Yredelemnul.
  7197 | D:8      | Noticed senseless's ghost (novice HOFi)
  7212 | D:8      | Killed senseless's ghost
  7212 | D:8      | Reached skill level 8 in Axes
  7212 | D:8      | Reached XP level 9. HP: 81/81 MP: 8/8
  7477 | D:8      | Reached ***** piety under Trog
  7596 | D:8      | Found Pullac's Distillery.
  8033 | D:8      | Found an ancient bone altar of Kikubaaqudgha.
  8293 | D:9      | Noticed Pikel
  8298 | D:9      | Killed Pikel
  8298 | D:9      | Reached skill level 9 in Axes
  8578 | D:9      | Got a twisted chain mail
  8589 | D:9      | Identified the cursed +1 chain mail of Gotsaxt {rCorr Int+10 Dex-3 Stlth+} (You found it on level 9 of the Dungeon)
  8922 | D:9      | Found a sacrificial altar of Ru.
  9341 | D:10     | Entered Level 10 of the Dungeon
  9405 | D:10     | Noticed a two-headed ogre
  9421 | D:9      | Killed a two-headed ogre
  9421 | D:9      | Reached XP level 10. HP: 90/92 MP: 9/9
  9562 | D:10     | Reached skill level 10 in Axes
  9591 | D:10     | Noticed a deep elf mage
  9612 | D:10     | Killed a deep elf mage
  9762 | D:10     | Noticed a two-headed ogre
  9770 | D:10     | Killed a two-headed ogre
  9770 | D:10     | Reached skill level 10 in Fighting
  9881 | D:10     | Reached skill level 11 in Axes
  9960 | D:10     | Reached skill level 10 in Armour
 10141 | D:10     | Noticed Maurice
 10151 | D:10     | Killed Maurice
 10300 | D:10     | Noticed a two-headed ogre
 10307 | D:10     | Killed a two-headed ogre
 11000 | D:11     | Reached XP level 11. HP: 93/100 MP: 10/10
 11027 | D:11     | Reached skill level 12 in Axes
 11174 | D:11     | Noticed a four-headed hydra
 11185 | D:11     | Killed an eight-headed hydra
 11431 | D:11     | Found a staircase to the Lair.
 11483 | D:11     | Noticed Nergalle
 11491 | D:11     | Killed Nergalle
 11622 | D:11     | Noticed a two-headed ogre
 11626 | D:11     | Killed a two-headed ogre
 11844 | D:11     | Reached skill level 13 in Axes
 11922 | D:11     | Noticed a six-headed hydra
 11926 | D:11     | Noticed Snorg
 11936 | D:11     | Killed a ten-headed hydra
 12000 | D:11     | Killed Snorg
 12380 | D:11     | Received a gift from Trog
 12382 | D:11     | Found a staircase to the Orcish Mines.
 12983 | D:11     | Noticed a wizard
 12993 | D:11     | Killed a wizard
 13134 | D:11     | Noticed a large abomination
 13139 | D:11     | Reached skill level 14 in Axes
 13148 | D:11     | Noticed a large abomination
 13150 | D:11     | Killed a large abomination
 13153 | D:11     | Reached XP level 12. HP: 111/111 MP: 2/11
 13382 | D:11     | Got a scorched hand crossbow
 13525 | D:11     | Identified the cursed +1 hand crossbow "Plog" {venom, Dex+3} (You found it on level 11 of the Dungeon)
 13541 | Lair:1   | Entered Level 1 of the Lair of Beasts
 13975 | Lair:1   | Noticed Gastronok
 13990 | Lair:1   | Killed Gastronok
 14226 | Lair:1   | Found a dark tunnel.
 14377 | Lair:1   | Noticed an eight-headed hydra
 14390 | Lair:1   | Killed a 12-headed hydra
 14390 | Lair:1   | Reached skill level 15 in Axes
 14851 | Lair:2   | Noticed a four-headed hydra
 14869 | Lair:2   | Killed a 13-headed hydra
 15455 | Lair:2   | Found a staircase to the Shoals.
 15884 | Lair:2   | Found a hole to the Spider Nest.
 15899 | Lair:2   | Reached skill level 16 in Axes
 16092 | Shoals:1 | Entered Level 1 of the Shoals
 16131 | Shoals:1 | Reached XP level 13. HP: 87/121 MP: 7/12
 16595 | Shoals:1 | Noticed Roxanne
 16946 | Shoals:1 | Reached skill level 17 in Axes
 17362 | Shoals:1 | HP: 4/124 [water elemental (14)]
 17362 | Shoals:1 | Slain by a water elemental

Skill      XL: |  1  2  3  4  5  6  7  8  9 10 11 12 13 |
---------------+----------------------------------------+-----
Fighting       | 4 5 6 8 9 10 12 13 14 | 14.1
Axes           | 4 5 6 8 9 11 14 16 17 | 17.2
Armour         | 3 4 5 6 7 9 10 11 13 | 13.8
Dodging        | 3 4 5 6 8 |  8.1

Action                   |  1- 3 |  4- 6 |  7- 9 | 10-12 | 13-15 || total
-------------------------+-------+-------+-------+-------+-------++-------
Melee: Hand axe          |    80 |   182 |   326 |       |       ||   588
       Headbutt          |     9 |    37 |    61 |   107 |    43 ||   257
       Battleaxe         |       |       |    19 |   249 |       ||   268
       Broad axe         |       |       |       |   219 |   171 ||   390
Throw: Tomahawk          |       |       |       |    25 |       ||    25
Invok: Berserk           |       |     1 |     3 |     8 |       ||    12
       Burn Spellbooks   |       |     1 |     1 |     1 |       ||     3
       Trog's Hand       |       |     1 |       |     4 |     2 ||     7
       Brothers in Arms  |       |       |     1 |     2 |     2 ||     5
  Use: Scroll            |     1 |     4 |     5 |    17 |     2 ||    29
       Potion            |       |       |     3 |     1 |     2 ||     6
 Stab: Sleeping          |     5 |     2 |       |       |       ||     7
       Distracted        |       |       |       |     2 |       ||     2
  Eat: Chunk             |     1 |     2 |    10 |     7 |     3 ||    23
       Ration            |       |     3 |     3 |     7 |       ||    13
Armor: Animal skin       |     6 |       |       |       |       ||     6
       Leather armour    |    10 |     7 |       |       |       ||    17
       Chain mail        |       |    67 |   173 |   202 |       ||   442
       Plate armour      |       |       |       |   214 |   130 ||   344
Dodge: Dodged            |    60 |    59 |   179 |   359 |   113 ||   770
